 Dungeon Crawl Stone Soup version 0.31-a0-437-g7cee417757 (console) character file.

Game seed: 2334036965401459689

130 Lexodia the Sneak (level 4, -1/20 HPs)
             Began as a Felid Shapeshifter on Aug 2, 2023.
             Slain by an adder (2 damage)
             ... in a sewer.
             The game lasted 00:07:15 (2200 turns).

Lexodia the Sneak (Felid Shapeshifter)              Turns: 2200, Time: 00:07:19

Health: -1/20      AC:  1    Str: 11    XL:     4   Next: 90%
Magic:  3/6        EV: 17    Int:  9    God:
Gold:   202        SH:  0    Dex: 18    Spells: 1/4 levels left
                                        Lives:  0   Deaths: 1

rFire   + .          .
                       - Unarmed
rCold   . . .        (shield unavailable)
rNeg    . . .        (body armour unavailable)
rPois   .            (helmet unavailable)
rElec   .            (cloak unavailable)
rCorr   .            (gloves unavailable)
SInv    +            (boots unavailable)
Will    +....        (no amulet)
Stlth   +++          k - ring of protection from fire
HPRegen 0.23/turn    p - ring of flight
MPRegen 0.10/turn

%: no passive effects
@: lethally poisoned (-1 -> -8), beast-form, flying, very slightly contaminated,
quick
A: beast (slay +2), very small, claws 1, fangs 3, see invisible, speed 1, shaggy
fur 1, stealthy paws, no weapons or thrown items, no armour, multi-lived,
strong-willed 1, robust 1
a: Begin Untransformation


You were in a sewer.
You were a hulking beast.
You visited 1 branch of the dungeon, and saw 3 of its levels.
You also visited: Sewer.

You collected 202 gold pieces.

Inventory:

Jewellery
 k - a ring of protection from fire (left paw)
 p - a ring of flight (right paw)
Talismans
 b - a beast talisman (active)
Scrolls
 c - 3 scrolls of identify
 f - a scroll of silence {unknown}
 g - 2 scrolls of fog {unknown}
 h - a scroll of immolation {unknown}
 l - a scroll of poison {unknown}
 m - a scroll of enchant armour {unknown}
 n - 3 scrolls of butterflies {unknown}
 o - 4 scrolls of teleportation {unknown}
 q - a scroll of amnesia {unknown}
Potions
 a - 4 potions of enlightenment
 d - 4 potions of degeneration
 i - a potion of magic
 r - a potion of cancellation


   Skills:
 - Level 1.0 Fighting
 - Level 2.6 Dodging
 * Level 4.7 Stealth
 + Level 3.8 Unarmed Combat
 + Level 0.8 Spellcasting
 + Level 0.8 Air Magic
 + Level 0.8 Poison Magic
 + Level 4.0 Shapeshifting


You had one spell level left.
You knew the following spells:

 Your Spells              Type           Power      Damage    Failure   Level
a - Sting                 Tmut/Pois      4%         1d3       32%         1
b - Poisonous Vapours     Pois/Air       2%         N/A       38%         2

Your spell library contained the following spells:

 Spells                   Type           Power      Damage    Failure   Level
 Shock                    Conj/Air       4%         1d3       32%         1
 Sublimation of Blood     Necr           0%         N/A       50%         2
 Swiftness                Air            1%         N/A       63%         3
 Ignite Poison            Fire/Tmut/Pois 0%         N/A       71%         3
 Airstrike                Air            0%         2d(1-17)  95%         4
 Olgreb's Toxic Radiance  Pois           1%         N/A       95%         4
 Petrify                  Tmut/Erth      0%         N/A       98%         4
 Sticky Flame             Conj/Fire      0%         2d3       98%         4
 Alistair's Intoxication  Tmut/Pois      0%         N/A       100%        5
 Irradiate                Conj/Tmut      0%         3d11      100%        5
 Summon Mana Viper        Hex/Summ       0%         N/A       100%        5
 Monstrous Menagerie      Summ           0%         N/A       100%        7
 Ignition                 Fire           0%         3d3       100%        8


Dungeon Overview and Level Annotations

Branches:
Dungeon (3/15)              Sewer (1/1)

Altars:
Cheibriados


Innate Abilities, Weirdness & Mutations

You are a hulking beast.
Your limbs bulge with bestial killing power. (Slay +2)
You have sharp claws.
You have razor-sharp teeth.
You have supernaturally acute eyesight. (SInv)
You cover ground quickly. (Speed+)
You are covered in fur. (AC +1)
Your paws help you pounce on unaware monsters.
You are incapable of wielding weapons or throwing items.
You cannot wear armour.
You gain extra lives every three experience levels.
You are strong-willed. (Will+)
You are robust. (+10% HP)


Message History

Aim: an adder (moderately wounded, 43% to hit)
The sting misses the adder.
The adder closely misses you. The adder barely misses you.
The adder misses you. The adder closely misses you.
Casting: Sting (safe; 32% risk of failure)
Confirm with . or Enter, or press ? or * to list all spells.
Aiming: Sting (safe; 32% risk of failure)
Press: ? - help, Shift-Dir - straight line, f/p - adder
Aim: an adder (moderately wounded, 43% to hit)
The sting hits the adder.
The adder is poisoned.
The adder is heavily wounded.
The adder bites you. x2
Huge Dmg: -16%(-3hp) hp: 53%(10hp)
Casting: Sting (safe; 32% risk of failure)
Confirm with . or Enter, or press ? or * to list all spells.
Aiming: Sting (safe; 32% risk of failure)
Press: ? - help, Shift-Dir - straight line, f/p - adder
Aim: an adder (heavily wounded, poisoned, 43% to hit)
You miscast Sting.
You are very lightly contaminated with residual magic.
Nothing appears to happen.
The adder bites you.
You are poisoned.
The adder poisons you! The adder bites you.
Huge Dmg: -16%(-3hp) hp: 37%(7hp)
You miss the adder.
* * * LOW HITPOINT WARNING * * *
You feel sick. The adder misses you. The adder bites you.
* * * LOW HITPOINT WARNING * * *
You are more poisoned.
The adder poisons you! The adder closely misses you. The adder bites you.
* * * LOW HITPOINT WARNING * * *
Huge Dmg: -21%(-4hp) hp: 16%(3hp) Really quaff the potion of mutation?
You feel extremely strange.
Your magical essence no longer links to wands of the dungeon.
You no longer become unable to read scrolls after taking damage.
You feel strong-willed.
You feel robust.
* * * LOW HITPOINT WARNING * * *
You feel sick. The adder bites you.
You die...

#≈≈~# #~≈~# #~≈~#
#≈≈~# #~≈~# ####
#~≈~# #≈≈~# #.≈.#
#∩∩# #~≈.# #≈≈.#
#~≈~# #..# #~≈~#
#≈≈~#
#~≈.####..####.≈~#
#≈≈~#
#~≈~##.#..#.##~≈~#
#≈≈~#
#~≈~##.'..'.##.≈~#
#≈≈~#
#~≈.##.SS.'.##~≈.#
#≈≈.# #~≈~#
#h.#.##~≈~# #≈≈~#
#~≈~# #..# ##~≈~#
#≈≈~# #~≈~# #.÷#
#~≈†# #≈≈~#
#~≈~####..####~≈~#
#≈≈.#
#.≈~##.#..#?##~≈~#
#≈≈~#
#~≈.##.'..'.##~≈.#
#≈≈.#
#~≈~##.'..'?##~≈.#
#≈≈~#
#~≈~##.#..#.##~≈~#
#≈≈~#
#.≈~####..####.≈.#


You could see 2 adders.

Vanquished Creatures
  3 adders
  5 river rats (Sewer)
  7 worms
  2 dart slugs
  11 ball pythons
  3 endoplasms
  6 giant cockroaches
  4 goblins
  2 hobgoblins
  13 jackals
  4 kobolds (D:2)
  5 quokkas
  13 bats
  8 frilled lizards
  7 rats
93 creatures vanquished.

Notes
Turn   | Place    | Note
-------+----------+-------------------------------------------
     0 | D:1      | Lexodia the Felid Shapeshifter began the quest for the Orb.
     0 | D:1      | Reached XP level 1. HP: 9/9 MP: 2/2
    76 | D:1      | Reached skill level 1 in Stealth
   137 | D:1      | Reached XP level 2. HP: 12/12 MP: 3/3
   196 | D:1      | Huge Dmg: 3 dmg
   536 | D:2      | Reached XP level 3. HP: 15/15 MP: 4/4
   693 | D:2      | Huge Dmg: 3 dmg
   791 | D:2      | Huge Dmg: 4 dmg
   843 | D:2      | Found a snail-covered altar of Cheibriados.
   857 | D:2      | Reached XP level 4. HP: 15/19 MP: 5/5
   879 | D:2      | Got the Quarto of the Combined Stinger
   932 | D:2      | Learned a level 1 spell: Sting
   935 | D:2      | Learned a level 2 spell: Poisonous Vapours
  1443 | D:3      | Found a glowing drain.
  1497 | Sewer    | Entered a sewer
  1734 | Sewer    | Huge Dmg: 8 dmg
  1738 | Sewer    | Gained mutation: You occasionally lose the ability to read
                  | scrolls when taking damage. [potion of mutation]
  1738 | Sewer    | Gained mutation: You expend magic power (3 MP) to
                  | strengthen your wands. [potion of mutation]
  1739 | Sewer    | Huge Dmg: 8 dmg
  1740 | Sewer    | Slain by a river rat
  1741 | Sewer    | Reached XP level 3. HP: -1/22 MP: 4/4
  1857 | Sewer    | Huge Dmg: 6 dmg
  1858 | Sewer    | Huge Dmg: 4 dmg
  1861 | Sewer    | Reached XP level 4. HP: 7/19 MP: 0/5
  1864 | Sewer    | Huge Dmg: 2 dmg
  2098 | Sewer    | Huge Dmg: 4 dmg
  2194 | Sewer    | Huge Dmg: 4 dmg
  2198 | Sewer    | Huge Dmg: 3 dmg
  2199 | Sewer    | Huge Dmg: 3 dmg
  2200 | Sewer    | Huge Dmg: 4 dmg
  2200 | Sewer    | Lost mutation: You expend magic power (3 MP) to strengthen
                  | your wands. [potion of mutation]
  2200 | Sewer    | Lost mutation: You occasionally lose the ability to read
                  | scrolls when taking damage. [potion of mutation]
  2200 | Sewer    | Gained mutation: You are strong-willed. (Will+) [potion of
                  | mutation]
  2200 | Sewer    | Gained mutation: You are robust. (+10% HP) [potion of
                  | mutation]
  2200 | Sewer    | HP: 1/20 [poisoned by an adder]
  2200 | Sewer    | Slain by an adder

Illustrated notes

Levels and vault maps discovered:
D:1:      wheals_arrival_shading, layout_rooms, corner_web_ring
D:2:      layout_loops_ring, basic_altar, minmay_tetromino_s4
D:3:      layout_rooms, portal_sewer_entry_a
Sewer:    sewer_fruit_machine

Skill      XL: |  1  2  3  4 |
---------------+-------------+-----
Stealth        | 1 2 3 4 |  4.7
Shapeshifting  | 4 |  4.0
Fighting       | |  1.0
Dodging        | |  2.6
Unarmed Combat | |  3.8
Spellcasting   | |  0.8
Air Magic      | |  0.8
Poison Magic   | |  0.8

Action                     |  1- 3 |  4- 6 || total
---------------------------+-------+-------++-------
  Melee: Unarmed           |    82 |   102 ||   184
         Bite              |     5 |     6 ||    11
         Punch             |       |     2 ||     2
   Cast: Sting             |       |    14 ||    14
    Use: Scroll            |     3 |       ||     3
         Potion            |     1 |     6 ||     7
   Stab: Sleeping          |    13 |     4 ||    17
 Armour: Skin              |     5 |    10 ||    15
  Dodge: Dodged            |    60 |   116 ||   176

Table legend: (Time is in decaauts)
 A = Elapsed time spent in this place.
 B = Non-inter-level travel time spent in this place.
 C = Inter-level travel time spent in this place.
 D = Time resting spent in this place.
 E = Time spent auto-exploring this place.
 F = Levels seen in this place.
 G = Mean time per level.
                   A        B        C        D        E       F      G
               +--------+--------+--------+--------+--------+-----+--------+
         Total |   1862 |   1855 |      7 |     78 |   1188 |   4 |  465.5 |
       Dungeon |   1247 |   1240 |      7 |     32 |    848 |   3 |  415.7 |
         Sewer |    614 |    614 |      0 |     46 |    340 |   1 |  614.0 |
               +--------+--------+--------+--------+--------+-----+--------+

Top non-repeatable levels by time:
   Sewer: 614 daAuts
     D:2: 557 daAuts
     D:1: 397 daAuts
     D:3: 292 daAuts
